AoeStats
← martin171088

Black Forest

509708716Analyzed
4v4 RM · 6d ago on Sep 27, 2026· 48m 44s· 8 players
Game mode
Random Map
Map size
Large (8 player)
Population
200
Speed
Normal
Resources
Standard
Victory
Conquest
Starting age
Dark Age
Ending age
Imperial Age
RankedLock teamsTeams togetherTeam positionsShared explorationLock speedFull tech treeHidden civsTurbo modeCheats
Victory
Defeat
🇩🇪 Spanish · Germany
1215
+13
🇳🇱 Italians · Netherlands
1207
+14
🇩🇪 Dravidians · Germany
1199
+14
🇨🇳 Turks · China
1172
+15
🇩🇪 Turks · Germany
1278
-19
🇩🇪 Hindustanis · Germany
1205
-16
🇩🇪 Japanese · Germany
1074
-11
🇩🇪 Celts · Germany
1053
-16
jax0n
0:31 Loom
12:39 Feudal Age
18:14 Castle Age
17:17 Double-Bit Axe
28:10 Elite Skirmisher
35:27 Padded Archer Armor
35:17 Fletching
39:21 Bow Saw
38:40 Elite Skirmisher
39:56 Leather Archer Armor
39:38 Bodkin Arrow
43:11 Horse Collar
46:14 Leather Archer Armor
48:14 Squires
48:16 Town Watch
Bezerker
11:35 Loom
13:28 Feudal Age
13:52 Feudal Age
17:43 Castle Age
16:19 Fishing Lines
17:48 Double-Bit Axe
18:50 Bow Saw
21:17 Gold Mining
21:29 Gillnets
24:19 Imperial Age
26:08 Chemistry
25:16 Padded Archer Armor
27:59 Leather Archer Armor
28:04 Guilds
29:21 Wheelbarrow
30:03 Two-Man Saw
30:06 Fletching
31:33 Town Watch
32:42 Stone Mining
33:31 Horse Collar
35:00 Stone Shaft Mining
35:47 Ring Archer Armor
35:13 Bodkin Arrow
37:03 Bracer
38:38 Masonry
38:51 Bombard Tower
39:08 Town Patrol
39:24 Hand Cart
39:11 Heavy Plow
43:47 Squires
44:06 Arson
44:35 Scale Mail Armor
47:14 Pirotechnia
47:27 Conscription
47:22 Elite Genoese Crossbowman
hurricanehoffmann
11:50 Feudal Age
15:36 Castle Age
14:58 Double-Bit Axe
15:36 Fishing Lines
17:01 Bow Saw
18:18 Loom
21:04 Wheelbarrow
20:29 Horse Collar
21:10 Gillnets
22:57 Bloodlines
23:28 Scale Barding Armor
23:34 Forging
25:05 Chain Barding Armor
25:31 Husbandry
25:48 Heavy Plow
27:33 Iron Casting
31:22 Town Watch
32:51 Hand Cart
38:45 Gold Mining
39:51 Fletching
43:01 Imperial Age
41:26 Bodkin Arrow
44:34 Fortified Wall
43:46 Cavalier
45:05 Plate Barding Armor
45:31 Blast Furnace
48:19 Paladin
w2k8m1w2762
1:54 Loom
11:41 Feudal Age
17:36 Castle Age
16:01 Double-Bit Axe
15:59 Horse Collar
16:15 Gold Mining
17:06 Stone Mining
20:33 Wheelbarrow
20:43 Bow Saw
22:16 Heavy Plow
30:19 Imperial Age
27:57 Town Watch
28:08 Treadmill Crane
28:50 Ballistics
28:41 Masonry
28:26 Fletching
29:34 Hand Cart
31:10 Artillery
31:31 Conscription
31:33 Town Patrol
32:07 Architecture
31:33 Murder Holes
31:52 Bloodlines
31:49 Elite Janissary
34:10 Two-Man Saw
33:24 Bodkin Arrow
33:39 Forging
33:31 Padded Archer Armor
34:16 Scale Barding Armor
34:37 Bombard Tower
34:37 Husbandry
34:36 Heavy Camel Rider
36:01 Iron Casting
38:23 Chain Barding Armor
38:19 Leather Archer Armor
39:05 Blast Furnace
38:07 Bracer
40:19 Plate Barding Armor
40:33 Ring Archer Armor
Trololo
0:46 Loom
12:41 Feudal Age
17:01 Castle Age
14:49 Double-Bit Axe
15:12 Horse Collar
23:54 Town Watch
31:44 Gold Mining
33:09 Wheelbarrow
32:57 Padded Archer Armor
34:59 Hand Cart
37:53 Imperial Age
37:41 Gold Shaft Mining
39:18 Leather Archer Armor
39:28 Elite Janissary
42:30 Ring Archer Armor
42:52 Bloodlines
42:43 Husbandry
43:42 Scale Barding Armor
43:47 Forging
44:52 Chain Barding Armor
45:58 Iron Casting
45:43 Bow Saw
45:34 Heavy Plow
46:03 Artillery
46:37 Conscription
Jeezye
1:26 Loom
10:17 Feudal Age
12:03 Double-Bit Axe
15:37 Wheelbarrow
16:45 Horse Collar
17:52 Fishing Lines
19:19 Stone Mining
22:13 Castle Age
21:10 Gold Mining
21:24 Scale Mail Armor
21:14 Arson
23:40 Chain Mail Armor
23:35 Forging
23:28 Town Watch
25:17 Town Patrol
26:49 Bow Saw
27:16 Heavy Plow
27:20 Gillnets
29:17 Iron Casting
28:45 Squires
28:22 Pikeman
29:33 Hand Cart
29:54 Fletching
30:51 Gold Shaft Mining
33:05 Imperial Age
31:16 Masonry
31:51 Elite Skirmisher
37:03 Padded Archer Armor
37:00 Bodkin Arrow
37:44 Ballistics
38:25 Chemistry
38:28 Bracer
39:05 Thumb Ring
46:34 Halberdier
47:35 Crossbowman
martin171088
0:29 Loom
12:10 Feudal Age
12:54 Double-Bit Axe
12:53 Horse Collar
16:37 Man-at-Arms
18:01 Stone Mining
18:06 Gold Mining
24:41 Castle Age
23:06 Scale Mail Armor
23:17 Forging
26:31 Wheelbarrow
25:27 Long Swordsman
25:53 Arson
26:48 Iron Casting
26:31 Chain Mail Armor
27:03 Stone Shaft Mining
26:46 Gambesons
27:56 Heavy Plow
28:10 Bow Saw
28:59 Fletching
31:14 Gold Shaft Mining
31:17 Bodkin Arrow
35:10 Imperial Age
32:42 Elite Skirmisher
34:27 Padded Archer Armor
36:32 Leather Archer Armor
37:26 Two-Handed Swordsman
38:19 Masonry
39:07 Ballistics
40:09 Fortified Wall
41:07 Ring Archer Armor
43:43 Chemistry
43:18 Plate Mail Armor
43:12 Conscription
46:00 Scale Barding Armor
45:20 Cavalier
46:03 Husbandry
47:10 Chain Barding Armor
48:50 Blast Furnace
47:15 Light Cavalry
Fungi93
9:41 Loom
12:42 Feudal Age
13:20 Double-Bit Axe
13:19 Horse Collar
19:17 Castle Age
19:24 Wheelbarrow
20:10 Heavy Plow
20:23 Bow Saw
29:33 Imperial Age
27:37 Forging
27:33 Scale Barding Armor
27:41 Bloodlines
30:34 Light Cavalry
31:15 Husbandry
32:23 Iron Casting
33:02 Hussar
35:52 Blast Furnace
35:13 Chain Barding Armor
38:45 Plate Barding Armor
37:34 Heavy Camel Rider
39:00 Hand Cart
38:30 Town Watch
46:00 Imperial Camel Rider
47:26 Conscription
47:29 Fletching
Connection lost

Rejoining the realm…

Still unreachable

The connection could not be restored.

Session expired

The server has moved on; the page needs a fresh start.